 Dungeon Crawl Stone Soup version 0.31-a0-564-g3b7de120b3 (webtiles) character file.

Game seed: 7669751989118077988

23 ytrimaz the Changeling (level 2, -4/21 HPs)
             Began as a Demonspawn Shapeshifter on Aug 18, 2023.
             Slain by a gnoll
             ... wielding a +0 flail
              (12 damage)
             ... on level 1 of the Dungeon.
             The game lasted 00:00:31 (373 turns).

ytrimaz the Changeling (Demonspawn Shapeshifter)     Turns: 373, Time: 00:00:32

Health: -4/21      AC:  4    Str: 15    XL:     2   Next: 75%
Magic:  2/2        EV: 12    Int:  9    God:
Gold:   16         SH:  0    Dex: 13    Spells: 1/1 levels left

rFire   . .          .
                       - Unarmed
rCold   + . .        (no shield)
rNeg    . . .        a - +0 animal skin
rPois   .            (helmet currently unavailable)
rElec   .            (cloak currently unavailable)
rCorr   .            (gloves currently unavailable)
SInv    .            (boots currently unavailable)
Will    .....        (no amulet)
Stlth   +            b - ring of protection from cold
HPRegen 0.23/turn    (no ring)
MPRegen 0.08/turn

%: no passive effects
@: beast-form
A: beast (slay +2), slimy green scales 1
a: Begin Untransformation


You were on level 1 of the Dungeon.
You were a hulking beast.
You visited 1 branch of the dungeon, and saw 1 of its levels.

You collected 52 gold pieces.
You spent 36 gold pieces at shops.


Innate Abilities, Weirdness & Mutations

You are a hulking beast.
Your limbs bulge with bestial killing power. (Slay +2)
You are partially covered in slimy green scales. (AC +2)


   Skills:
 - Level 1.0 Fighting
 - Level 1.7 Dodging
 + Level 3.1 Unarmed Combat
 * Level 3.2 Shapeshifting


You had one spell level left.
You didn't know any spells.
Your spell library was empty.

Inventory:

Armour
 a - a +0 animal skin (worn)
Jewellery
 b - a ring of protection from cold (left hand)
   (You found it on level 1 of the Dungeon)
Talismans
 c - a beast talisman (active)
 d - a flux talisman
Potions
 e - 3 potions of curing

Dungeon Overview and Level Annotations

Branches:
Dungeon (1/15) Zot: 5629

Altars:

Shops:
D:1

! #.......##.#
##.##.... #.#
#..#....S##.#
#..##...r†.g#
#..#).#.#.#.##
#..##g#####..#
#..)gS)....).#
#g#######.#..#
#h....#.....##
#.............#####
#...................
#...............####
#...............#
#...............#
#...............#
##.............##
..#.....##


You could see a gnoll.


Message History

There is an open door here.
A ball python and a goblin come into view.
The goblin shouts!
You hear a shout!
A ball python comes into view.
A quokka comes into view.
A ball python comes into view.
A gnoll comes into view. It is wielding a +0 flail.
A hobgoblin comes into view.
The ball python hisses angrily. x2
There are monsters nearby!
There are monsters nearby!
There are monsters nearby!
The ball python hisses angrily.
You hit the hobgoblin.
You kill the hobgoblin!
The ball python bites you but does no damage.
The ball python misses you.
You hit the ball python. The ball python bites you.
The ball python closely misses you. 😕 HP[-1]
You take 1 damage, and now have 20/21 hp.
Unknown command.
You closely miss the ball python.
The ball python bites you but does no damage.
The ball python grabs you. The ball python constricts you.
The goblin hits you but does no damage. 😎 HP[+1]
Your hp is fully restored (21).
You escape the ball python's grasp.
The goblin attacks as you move away! The goblin barely misses you.
Okay, then.
The goblin attacks as you move away! The goblin barely misses you.
A goblin comes into view. It is wielding a +0 club.
You see here a +0 club.
You hit the goblin. The goblin hits you but does no damage.
You hit the goblin. The goblin hits you but does no damage.
Unknown command.
The goblin attacks as you move away! The goblin hits you but does no damage.
The goblin attacks as you move away! The goblin hits you but does no damage.
You closely miss the goblin. You hit the goblin.
You kill the goblin!
You closely miss the ball python.
Unknown command.
You closely miss the ball python. Your punch misses the ball python.
The ball python barely misses you. The ball python grabs you.
The ball python constricts you. The ball python bites you. 😕 HP[-1]
You take 1 damage, and now have 20/21 hp.
You hit the ball python.
You kill the ball python!
The ball python bites you but does no damage.
The ball python constricts you. The quokka bites you. 😕 HP[-1]
You take 1 damage, and now have 19/21 hp.
You escape the ball python's grasp.
Unknown command.
You punch the ball python!
You kill the ball python!
You hit the quokka. The quokka closely misses you. 😕 HP[+1]
You hit the quokka. The quokka bites you. 😕 HP[-2]
You take 2 damage, and now have 18/21 hp.
Unknown command.
You hit the quokka.
You kill the quokka!
The ball python bites you. The ball python grabs you.
The ball python constricts you. 😕 HP[-2]
You take 2 damage, and now have 16/21 hp.
You hit the ball python.
The ball python bites you but does no damage.
The ball python constricts you. 😮 HP[-1]
You take 1 damage, and now have 15/21 hp.
Unknown command.
You barely miss the ball python. The ball python bites you.
The ball python constricts you. 😮 HP[-1]
You take 1 damage, and now have 14/21 hp.
You barely miss the ball python.
The ball python bites you but does no damage.
The ball python constricts you.
You hit the ball python.
You kill the ball python!
Unknown command.
You barely miss the goblin. You hit the goblin.
You kill the goblin!
Unknown command.
You hit the gnoll. The gnoll hits you with a +0 flail!
* * * LOW HITPOINT WARNING * * *
😨 HP[-7]
You take 7 damage, and now have 7/21 hp.
MASSIVE DAMAGE!! (PAUSE)
You hit the gnoll. The gnoll hits you with a +0 flail!
Ouch! That really hurt!
You die...

Skill      XL: |  1  2 |
---------------+-------+-----
Shapeshifting  | 3 |  3.2
Unarmed Combat | 3 |  3.1
Fighting       | |  1.0
Dodging        | |  1.7

Action                     || total
---------------------------++-------
  Melee: Unarmed           ||    36
    Use: Potion            ||     1
 Armour: Animal skin       ||    12
  Dodge: Dodged            ||    11

Levels and vault maps discovered:
D:1:      lightli_molten_gateway, layout_rooms, serial_shops,
          nicolae_shop_behind_doors, minmay_octomino_e4

Notes
Turn   | Place    | Note
-------+----------+-------------------------------------------
     0 | D:1      | ytrimaz the Demonspawn Shapeshifter began the quest for the
                  | Orb.
     0 | D:1      | Reached XP level 1. HP: 15/15 MP: 1/1
     0 | D:1      | magus.rc [v1.9.6]
    52 | D:1      | HP: 2/15 [gnoll/+0 club (5)]
    56 | D:1      | Reached skill level 3 in Shapeshifting
    56 | D:1      | Gained mutation: You are partially covered in slimy green
                  | scales. (AC +2) [demonic ancestry]
    56 | D:1      | Reached XP level 2. HP: 3/21 MP: 2/2
   254 | D:1      | Reached skill level 3 in Unarmed Combat
   310 | D:1      | Found Miutac's Distillery.
   313 | D:1      | Bought a potion of curing for 36 gold pieces
   373 | D:1      | Slain by a gnoll

Vanquished Creatures
  A gnoll (D:1)
  An endoplasm (D:1)
  3 goblins (D:1)
  A hobgoblin (D:1)
  2 quokkas (D:1)
  3 ball pythons (D:1)
11 creatures vanquished.

Table legend:
 A = Non-vault XP
 B = Vault XP
 C = Vault XP percentage of total XP
 D = Non-vault monster count
 E = Vault monster count
 F = Vault count percentage of total count
                 A         B        C        D         E       F
            +---------+---------+-------+---------+---------+-------
      Total |      23 |      11 |  32.4 |       5 |       6 |  54.5
            +---------+---------+-------+---------+---------+-------
        D:1 |      23 |      11 |  32.4 |       5 |       6 |  54.5
            +---------+---------+-------+---------+---------+-------

Skill      XL: |  1  2 |
---------------+-------+-----
Shapeshifting  | 3 |  3.2
Unarmed Combat | 3 |  3.1
Fighting       | |  1.0
Dodging        | |  1.7

Action                     || total
---------------------------++-------
  Melee: Unarmed           ||    36
    Use: Potion            ||     1
 Armour: Animal skin       ||    12
  Dodge: Dodged            ||    11

Illustrated notes

Table legend:
 A = Kills in this place as a percentage of kills in the entire game.
 B = Kills by you in this place as a percentage of kills by you in the entire game.
 C = Kills by friends in this place as a percentage of kills by friends in the entire game.
 D = Other kills in this place as a percentage of other kills in the entire game.
 E = Experience gained in this place as a percentage of experience gained in the entire game.
 F = Experience gained in this place divided by the number of levels of this place that you have seen.
                   A       B       C       D       E      F
               +-------+-------+-------+-------+-------+----------------------
         Total | 100.0 | 100.0 |   N/A |   N/A | 100.0 |  34.0
       Dungeon | 100.0 | 100.0 |   N/A |   N/A | 100.0 |  34.0
               +-------+-------+-------+-------+-------+----------------------

Table legend: (Time is in decaauts)
 A = Elapsed time spent in this place.
 B = Non-inter-level travel time spent in this place.
 C = Inter-level travel time spent in this place.
 D = Time resting spent in this place.
 E = Time spent auto-exploring this place.
 F = Levels seen in this place.
 G = Mean time per level.
                   A        B        C        D        E       F      G
               +--------+--------+--------+--------+--------+-----+--------+
         Total |    369 |    369 |      0 |      9 |    293 |   1 |  369.0 |
       Dungeon |    369 |    369 |      0 |      9 |    293 |   1 |  369.0 |
               +--------+--------+--------+--------+--------+-----+--------+

Top non-repeatable levels by time:
     D:1: 369 daAuts
